Map: Prion Terraces

Players

qweenily

  • Race: Zerg Zerg
  • League: Diamond

ILLBdA - Winner!

  • Race: Protoss Protoss
  • League: Diamond

VOD

Have the link to the VOD?

Description

Time

  • Played on: Dec. 11, 2015, 7:23 a.m.
  • Length: 3:52
Show
View Real Time Build Order
Export as new Build Order

qweenily Zerg 

Build Orders: Hatch First 

Get SALT Encoding   

  12  0:01  Drone  
  13  0:12  Overlord  
  13  0:18  Drone  
  14  0:31  Drone  
  14  0:32  Drone  
  16  0:37  Drone  
  17  0:55  Hatchery  
  16  1:07  Spawning Pool  
  15  1:13  Overlord  
  15  1:27  Drone  
  16  1:53  Queen  
  18  1:55  Zergling x6  
  18  1:57  Spine Crawler  
  20  2:08  Zergling x4  
  20  2:09  Spine Crawler, Queen  
  23  2:18  Zergling x4  
  25  2:36  Zergling x4  
  26  2:41  Zergling x4  
  24  2:52  Zergling x4  
  25  3:01  Zergling x2  
  25  3:03  Spine Crawler  
  22  3:06  Zergling x2  
  21  3:17  Zergling x4  
  21  3:18  Zergling x4  
  18  3:33  Zergling x2  
Show
View Real Time Build Order
Export as new Build Order

ILLBdA Protoss - Winner!

Build Orders:  

Get SALT Encoding   

  12  0:01  Probe (Chrono Boost)  
  13  0:12  Probe (Chrono Boost)  
  14  0:22  Probe (Chrono Boost)  
  15  0:37  Pylon  
  15  0:55  Gateway  
  15  0:56  Gateway  
  15  0:59  Gateway  
  15  1:08  Gateway  
  15  1:17  Pylon  
  15  1:46  Pylon, Zealot x2 (Chrono Boost)  
  21  1:48  Zealot (Chrono Boost)  
  21  1:56  Zealot (Chrono Boost)  
  23  2:13  Zealot x2 (Chrono Boost)  
  27  2:15  Zealot (Chrono Boost)  
  31  2:26  Zealot (Chrono Boost)  
  33  2:41  Zealot (Chrono Boost)  
  33  2:42  Zealot (Chrono Boost)  
  31  2:47  Zealot (Chrono Boost)  
  33  2:57  Zealot (Chrono Boost)  
  31  3:08  Zealot (Chrono Boost)  
  31  3:11  Zealot (Chrono Boost)  
  33  3:15  Zealot (Chrono Boost)  
  35  3:28  Zealot (Chrono Boost)  
Tags
 
Matchup
PvZ
Replay Pack
me
Add a new tag
Caveats
  • Supply blocks, unpowered buildings, or Contaminate may cause inaccurate times.
  • Supply counts are checked every 10 seconds.